 Dungeon Crawl Stone Soup version 0.28-a0-973-ga7f8b01127 (webtiles) character file.

Game seed: 10429466987908058147

2309 ders the Geomancer (level 9, 0/45 HPs)
             Began as a Gargoyle Earth Elementalist on Dec 1, 2021.
             Was an Initiate of Vehumet.
             Splashed by a jelly's acid (10 damage)
             ... on level 7 of the Dungeon.
             The game lasted 00:08:33 (7412 turns).

ders the Geomancer (Gargoyle Earth Elementalist)    Turns: 7412, Time: 00:08:33

Health: 0/45       AC: 13    Str: 18    XL:     9   Next: 41%
Magic:  18/18      EV: 12    Int: 20    God:    Vehumet [......]
Gold:   379        SH:  0    Dex: 16    Spells: 12/21 levels left

rFire   . . .      SeeInvis .   f - +3 dagger (protect)
rCold   . . .      Faith    .   (no shield)
rNeg    + . .      Spirit   .   b - +0 robe
rPois   ∞          Reflect  .   (no helmet)
rElec   +          Harm     .   g - +2 cloak
rCorr   .          Rampage  .   (no gloves)
Will    .....                   t - +1 pair of boots
Stlth   ++........              l - amulet of magic regeneration
HPRegen 0.15/turn               n - +6 ring of dexterity
MPRegen 0.56/turn               s - +6 ring of strength

@: marked, invisible
A: sickness immunity, AC +6, negative energy resistance 1, electricity
resistance, torment resistance 1, petrification resistance
a: Renounce Religion


You were on level 7 of the Dungeon.
You worshipped Vehumet.
Vehumet was noncommittal.
You visited 2 branches of the dungeon, and saw 8 of its levels.

You collected 379 gold pieces.

Inventory:

Hand Weapons
 f - a +3 dagger of protection (weapon)
Missiles
 c - 167 stones
Armour
 b - a +0 robe (worn)
 g - a +2 cloak (worn)
 t - a +1 pair of boots (worn)
Jewellery
 l - an amulet of magic regeneration (around neck)
 n - a +6 ring of dexterity (left hand)
 s - a +6 ring of strength (right hand)
Wands
 p - a wand of flame (15)
 v - a wand of paralysis (9)
Scrolls
 a - a scroll of blinking {unknown}
 e - a scroll of identify
 j - a scroll of teleportation {unknown}
 k - a scroll of amnesia
Potions
 d - 4 potions of curing
 h - a potion of berserk rage {unknown}
 i - 2 potions of attraction {unknown}
 o - a potion of might {unknown}
 q - a potion of degeneration {unknown}
 r - a potion of mutation {unknown}
 u - a potion of heal wounds {unknown}


   Skills:
 - Level 1.5 Dodging
 - Level 2.1 Stealth
 + Level 6.5 Spellcasting
 + Level 7.3 Conjurations
 - Level 0.7 Transmutations
 + Level 3.0 Fire Magic
 + Level 8.9 Earth Magic


You had 12 spell levels left.
You knew the following spells:

 Your Spells              Type           Power      Damage    Failure   Level
a - Sandblast             Erth           84%        2d18      1%          1
b - Stone Arrow           Conj/Erth      78%        3d11      1%          3
c - Fireball              Conj/Fire      13%        3d7       32%         5

Your spell library contained the following spells:

 Spells                   Type           Power      Damage    Failure   Level
 Passwall                 Tmut/Erth      20%        N/A       1%          2
 Petrify                  Tmut/Erth      25%        N/A       14%         4
 Ensorcelled Hibernation  Hex/Ice        12%        N/A       16%         2
 Spider Form              Tmut/Pois      8%         N/A       26%         3
 Starburst                Conj/Fire      13%        6d6       87%         6
 Ignition                 Fire           9%         3d5       100%        8
 Chain Lightning          Conj/Air       10%        3d14      100%        9
 Fire Storm               Conj/Fire      13%        8d4       100%        9
 Shatter                  Erth           21%        3d19*     100%        9


Dungeon Overview and Level Annotations

Branches:
Dungeon (7/15)             Temple (1/1) D:6

Altars:
Ashenzari
Cheibriados
Dithmenos
Elyvilon
Fedhas
Gozag
Hepliaklqana
Kikubaaqudgha
Makhleb
Nemelex Xobeh
Okawaru
Sif Muna
Trog
Uskayaw
Vehumet
Wu Jian
Xom
Yredelemnul
Zin
The Shining One

Shops:
D:5 *


Innate Abilities, Weirdness & Mutations

You are immune to sickness and miasma.
Your stone body is resilient. (AC +6)
You are immune to poison.
You resist negative energy. (rN+)
You are resistant to electric shocks. (rElec)
You are resistant to unholy torment.
You are immune to petrification.


Message History

A vampire mosquito comes into view.
The vampire mosquito closely misses you.
A sky beast appears from thin air!
Reactivating autopickup.
The vampire mosquito misses you.
The vampire mosquito bites you but does no damage.
A centaur zombie comes into view.
The vampire mosquito bites you.
The vampire mosquito is sucked into a shaft!
The shaft crumbles and collapses.
The vampire mosquito misses you.
The sky beast flickers out of sight!
Deactivating autopickup; reactivate with Ctrl-A.
The vampire mosquito bites you but does no damage.
The vampire mosquito misses you. The vampire mosquito bites you!
The vampire mosquito barely misses you. The vampire mosquito bites you.
The vampire mosquito bites you but does no damage.
The vampire mosquito barely misses you.
The vampire mosquito completely misses you.
The vampire mosquito bites you.
A howler monkey comes into view.
The vampire mosquito bites you but does no damage.
A jelly comes into view.
The vampire mosquito bites you but does no damage.
A jelly comes into view.
The howler monkey barely misses you. The vampire mosquito bites you!
* * * LOW HITPOINT WARNING * * *
The vampire mosquito barely misses you.
Okay, then.
You fade into invisibility!
The vampire mosquito bites you but does no damage. x2
The howler monkey barely misses you.
A howler monkey comes into view.
The vampire mosquito bites you but does no damage.
The vampire mosquito closely misses you.
The vampire mosquito barely misses you. The jelly hits you.
* * * LOW HITPOINT WARNING * * *
You are splashed with acid!
You die...

##. .# #.. .# #.# ..#.
#.# ..... #.# ##.....
#.####.......
###.##.........
###.)..h.<..#
#...#.@JJ#### #..##.yy##
#.......# ##.#....#
#....... #.#.Z.o#
#......# #...W..#
###......#
##.....####........#
#.h...##.Z........#
####..####..†........##<
#......o.WZ...........).


You could see a phantom, 2 vampire mosquitoes, 2 howler monkeys, 2 jellies, an
orc and a centaur zombie.

Vanquished Creatures
  2 water moccasins
  Duvessa (D:6)
  A hornet zombie (D:4)
  2 necrophages
  4 ogres
  A centaur (D:5)
  A phantom (D:4)
  3 scorpions
  A wyvern zombie (D:5)
  A water moccasin zombie (D:5)
  A water moccasin skeleton (D:6)
  Dowan (D:6)
  An orc priest (D:7)
  2 hounds
  A jelly (D:5)
  A centaur skeleton (D:7)
  2 gnoll shamans (D:6)
  2 iguanas (D:5)
  An orc wizard (D:7)
  Natasha (thrice) (D:4)
  A howler monkey zombie (D:7)
  22 gnolls
  11 adders
  A howler monkey skeleton (D:7)
  A white imp (D:5)
  An ufetubus (D:5)
  An adder zombie (D:5)
  3 worms
  An adder skeleton (D:4)
  A dart slug (D:3)
  7 orcs
  3 ball pythons
  7 bats
  2 endoplasms (D:1)
  3 giant cockroaches
  25 goblins
  33 hobgoblins
  2 jackals (D:2)
  7 quokkas
  5 frilled lizards
  7 kobolds
  2 rats (D:1)
178 creatures vanquished.

Vanquished Creatures (others)
  22 plants (D:5)
22 creatures vanquished.

Grand Total: 200 creatures vanquished

Notes
Turn   | Place    | Note
-------+----------+-------------------------------------------
     0 | D:1      | ders the Gargoyle Earth Elementalist began the quest for
                  | the Orb.
     0 | D:1      | Reached XP level 1. HP: 10/10 MP: 3/3
   202 | D:1      | Reached XP level 2. HP: 15/15 MP: 0/5
   348 | D:1      | Reached skill level 1 in Conjurations
   611 | D:1      | Reached skill level 4 in Earth Magic
  1032 | D:1      | Found a faded altar of an unknown god.
  1115 | D:2      | Reached XP level 3. HP: 19/19 MP: 2/6
  1215 | D:2      | Learned a level 3 spell: Stone Arrow
  1358 | D:2      | Reached XP level 4. HP: 24/24 MP: 4/8
  2390 | D:3      | Reached XP level 5. HP: 28/28 MP: 1/9
  2486 | D:3      | You fall into a shaft and drop 1 floor!
  2587 | D:3      | Reached skill level 5 in Earth Magic
  2924 | D:3      | Found a shadowy altar of Dithmenos.
  3285 | D:4      | Noticed a phantom
  3291 | D:4      | Killed a phantom
  3292 | D:4      | Reached XP level 6. HP: 32/32 MP: 1/11
  3459 | D:4      | Noticed Natasha
  3462 | D:4      | Killed Natasha
  3484 | D:4      | Noticed Natasha
  3488 | D:4      | Killed Natasha
  3644 | D:4      | Found a hide-covered altar of Uskayaw.
  3693 | D:4      | Reached skill level 6 in Earth Magic
  3693 | D:4      | Reached XP level 7. HP: 36/36 MP: 3/13
  3920 | D:4      | Noticed Natasha
  4155 | D:4      | Killed Natasha
  5098 | D:4      | Reached skill level 5 in Conjurations
  5172 | D:5      | Entered Level 5 of the Dungeon
  5172 | D:5      | Found Ycuirch's General Store.
  5177 | D:5      | Reached skill level 5 in Spellcasting
  5177 | D:5      | Reached skill level 7 in Earth Magic
  5177 | D:5      | Reached XP level 8. HP: 41/41 MP: 6/15
  5883 | D:5      | Found a blossoming altar of Fedhas.
  6357 | D:5      | Learned a level 5 spell: Fireball
  6401 | D:5      | Reached skill level 8 in Earth Magic
  6534 | D:6      | Reached skill level 1 in Fire Magic
  6534 | D:6      | Found a staircase to the Ecumenical Temple.
  6537 | D:6      | Reached XP level 9. HP: 45/45 MP: 7/18
  6545 | Temple   | Entered the Ecumenical Temple
  6669 | Temple   | Became a worshipper of Vehumet
  6802 | D:6      | Noticed Duvessa
  6804 | D:6      | Noticed Dowan
  6827 | D:6      | Killed Duvessa
  6834 | D:6      | Killed Dowan
  6943 | D:6      | Found a basalt altar of Yredelemnul.
  7135 | D:6      | Found a white marble altar of Elyvilon.
  7412 | D:7      | Splashed by a jelly's acid

Illustrated notes

Levels and vault maps discovered:
D:1:      matt_arrival_refuge, layout_loops_ring,
          shapermc_ecumenical_altar_mp_vishouse
D:2:      layout_loops_corners, kennysheep_decorative_pillar
D:3:      layout_loops_cross, mainiacjoe_overflow_paths
D:4:      minmay_goblin_kobold_castle, layout_basic,
          mainiacjoe_overflow_24_doors, portal_sewer_entry_f, uniq_natasha
D:5:      layout_basic, fedhas_bush_and_centaur_altar, serial_shops,
          nicolae_stop_n_shop_1, serial_bayou_lagoon_b
D:6:      layout_rooms, kennysheep_ying_yang, minmay_temple_entry_crystal_x,
          uniq_duvessa
D:7:      layout_rooms, grunt_ministairs_14
Temple:   regret_index_temple_waves

Skill      XL: |  1  2  3  4  5  6  7  8  9 |
---------------+----------------------------+-----
Conjurations   | 1 2 3 4 5 6 7 |  7.3
Earth Magic    | 4 5 6 7 8 |  8.9
Spellcasting   | 3 4 5 6 |  6.5
Fire Magic     | 1 3 |  3.0
Dodging        | |  1.5
Stealth        | |  2.1
Transmutations | |  0.7

Action                   |  1- 3 |  4- 6 |  7- 9 || total
-------------------------+-------+-------+-------++-------
Melee: Unarmed           |     2 |       |       ||     2
       Dagger            |       |     3 |     7 ||    10
 Cast: Sandblast         |    36 |    76 |    95 ||   207
       Stone Arrow       |       |    19 |    83 ||   102
  Use: Scroll            |       |       |     8 ||     8
       Potion            |       |       |     1 ||     1
Armor: Robe              |     4 |    17 |    34 ||    55
Dodge: Dodged            |     9 |    31 |    57 ||    97

Table legend: (Time is in decaauts)
 A = Elapsed time spent in this place.
 B = Non-inter-level travel time spent in this place.
 C = Inter-level travel time spent in this place.
 D = Time resting spent in this place.
 E = Time spent auto-exploring this place.
 F = Levels seen in this place.
 G = Mean time per level.
                   A        B        C        D        E       F      G
               +--------+--------+--------+--------+--------+-----+--------+
         Total |   7443 |   7230 |    213 |   1289 |   4949 |   8 |  930.4 |
       Dungeon |   7294 |   7120 |    174 |   1289 |   4854 |   7 | 1042.0 |
        Temple |    148 |    110 |     38 |      0 |     95 |   1 |  148.0 |
               +--------+--------+--------+--------+--------+-----+--------+

Top non-repeatable levels by time:
     D:4: 1912 daAuts
     D:5: 1350 daAuts
     D:2: 1211 daAuts
     D:1: 1173 daAuts
     D:3: 896 daAuts
     D:6: 629 daAuts
  Temple: 148 daAuts
     D:7: 120 daAuts
